 Dungeon Crawl Stone Soup version 0.27.1-34-g3ba077fa99 (webtiles) character file.

Game seed: 11852559074394825981

1566 Delamore the Covert (level 8, -3/50 HPs)
             Began as an Octopode Brigand on Feb 11, 2022.
             Was an Initiate of Gozag.
             Slain by a wyvern (11 damage)
             ... on level 7 of the Dungeon.
             The game lasted 00:06:16 (7098 turns).

Delamore the Covert (Octopode Brigand)              Turns: 7098, Time: 00:06:16

Health: -3/50      AC:  3    Str: 10    XL:     8   Next: 90%
Magic:  8/8        EV: 13    Int: 13    God:    Gozag
Gold:   472        SH:  0    Dex: 19    Spells: 7/7 levels left

rFire    . . .     SeeInvis .   a - +2 dagger
rCold    . . .     Faith    .   (no shield)
rNeg     . . .     Spirit   .   y - +2 hat
rPois    +         Reflect  .   (no amulet)
rElec    .         Harm     .   f - ring of Tamnucl Astre {rPois Dex+3}
rCorr    +         Rampage  .   t - ring of resist corrosion
Will     .....                  (no ring)
Stlth    ++++++....             (no ring)
HPRegen  0.16/turn              (no ring)
MPRegen  0.11/turn              (no ring)
                                (no ring)
                                (no ring)

@: no status effects
A: almost no armour, amphibious, 8 rings, camouflage 1, gelatinous body 1,
(nimble swimmer 1), tentacles
a: Renounce Religion, Potion Petition, Call Merchant, Bribe Branch


You were on level 7 of the Dungeon.
You worshipped Gozag.
Gozag was aware of your devotion.
You visited 2 branches of the dungeon, and saw 8 of its levels.

You collected 556 gold pieces.
You paid 84 gold pieces to Gozag.

Inventory:

Hand Weapons
 a - a +2 dagger (weapon)
 e - a +0 rapier
Missiles
 b - 33 poisoned darts (quivered)
 c - 6 curare-tipped darts
Armour
 y - a +2 hat (worn)
Jewellery
 f - the ring of Tamnucl Astre (left tentacle) {rPois Dex+3}
   (You acquired it on level 3 of the Dungeon)

   [ring of poison resistance]

   Dex:       It affects your dexterity (+3).
   rPois:     It protects you from poison.
 t - a ring of resist corrosion (right tentacle)
 v - a ring of fire
Wands
 s - a wand of mindburst (6)
 w - a wand of iceblast (4)
Scrolls
 g - 2 scrolls of enchant weapon
 h - 2 scrolls of amnesia
 j - a scroll of noise {unknown}
 k - 2 scrolls of fog {unknown}
 l - 3 scrolls of teleportation {unknown}
 q - a scroll of holy word {unknown}
 r - a scroll of magic mapping {unknown}
Potions
 d - a potion of heal wounds
 i - a potion of cancellation
 m - a potion of haste {unknown}
 n - 3 potions of lignification {unknown}
 o - a potion of curing {unknown}
 p - 2 potions of might {unknown}
 u - 2 potions of flight {unknown}
 x - a potion of invisibility {unknown}


   Skills:
 - Level 2.0 Fighting
 + Level 9.3 Short Blades
 - Level 2.0 Throwing
 - Level 1.0 Dodging
 - Level 10.0 Stealth


You had 7 spell levels left.
You didn't know any spells.
Your spell library contained the following spells:

 Spells                   Type           Power      Damage    Failure   Level
 Apportation              Tloc           0%         N/A       30%         1
 Alistair's Intoxication  Tmut/Pois      0%         N/A       100%        5
 Invisibility             Hex            0%         N/A       100%        6


Dungeon Overview and Level Annotations

Branches:
Dungeon (7/15)             Temple (1/1) D:6

Altars:
Dithmenos
Elyvilon
Fedhas
Gozag
Hepliaklqana
Kikubaaqudgha
Makhleb
Okawaru
Qazlal
Sif Muna
Trog
Uskayaw
Wu Jian
Xom
Yredelemnul
Zin
Jiyva

Shops:
D:5 *   D:7 (


Innate Abilities, Weirdness & Mutations

You cannot wear most types of armour.
You are amphibious.
You can wear up to eight rings at the same time.
Your skin changes colour to match your surroundings (Stealth+).
Your rubbery body absorbs attacks. (AC +1, EV +1)
((You are camouflaged near water. (Stealth+)))
You have tentacles for arms and can constrict up to eight enemies at once.


Message History

You hit the sky beast.
The sky beast is severely wounded.
The sky beast flickers out of sight!
Something hits you. Something shocks you.
You miss something. You closely miss something. You squeeze something!
Something hits you. Something shocks you.
You hit something.
You feel a bit more experienced.
You see here 18 gold pieces.
You start resting.
HP restored.
A wyvern comes into view.
The wyvern moves out of view.
A wyvern is nearby!
A wyvern is nearby!
The wyvern bites you!
You hit the wyvern but do no damage. You barely miss the wyvern.
You squeeze the wyvern, but do no damage.
The wyvern bites you!
You are too injured to fight recklessly!
Okay, then.
Okay, then.
Aiming: Mindburst
Press: ? - help, Shift-Dir - straight line, f - wyvern
Aim: a wyvern (chance to affect: 65%)
The wyvern's mind is blasted!
The wyvern closely misses you. The wyvern bites you!
* * * LOW HITPOINT WARNING * * *
Aiming: Mindburst
Press: ? - help, Shift-Dir - straight line, f/p - wyvern
Aim: a wyvern (moderately wounded, chance to affect: 65%)
The wyvern struggles to resist.
The wyvern bites you.
* * * LOW HITPOINT WARNING * * *
Aiming: Mindburst
Press: ? - help, Shift-Dir - straight line, f/p - wyvern
Aim: a wyvern (moderately wounded, chance to affect: 65%)
The wyvern struggles to resist.
The wyvern closely misses you. The wyvern bites you!
You die...
Your body crumbles into a pile of gold.

.$...#..$....$#
.......$......##
....!.....###..#
..........##...##
#######<..##....#
#...##....##
#...##.....# #
#...##...#.#.#
#...##...#@..#
######...##l.#
##### ..# ..# ..#
..# ..# #.#


You could see a wyvern.

Vanquished Creatures
  A water moccasin (D:5)
  2 sky beasts
  A black bear (D:6)
  An ogre (D:5)
  3 centaurs
  A phantom (D:3)
  A bullfrog (D:6)
  2 howler monkeys
  A bullfrog skeleton (D:5)
  5 hounds
  A gnoll shaman (D:6)
  3 jellies
  2 orc priests (D:5)
  2 iguanas
  A hound skeleton (D:4)
  8 gnolls
  8 adders
  A shadow imp (D:6)
  An ufetubus (D:6)
  3 worms (D:2)
  A dart slug (D:2)
  7 orcs
  9 ball pythons
  7 endoplasms
  3 giant cockroaches
  7 hobgoblins
  2 jackals (D:2)
  2 quokkas
  6 bats
  3 frilled lizards
  5 goblins
  4 kobolds
  7 rats
111 creatures vanquished.

Vanquished Creatures (others)
  A plant (D:6)
1 creature vanquished.

Grand Total: 112 creatures vanquished

Notes
Turn   | Place    | Note
-------+----------+-------------------------------------------
     0 | D:1      | Delamore the Octopode Brigand began the quest for the Orb.
     0 | D:1      | Reached XP level 1. HP: 14/14 MP: 1/1
   191 | D:1      | Found a faded altar of an unknown god.
   419 | D:1      | Reached XP level 2. HP: 10/19 MP: 2/2
  1146 | D:2      | Reached skill level 6 in Stealth
  1173 | D:2      | Found a basalt altar of Yredelemnul.
  1376 | D:2      | Reached XP level 3. HP: 23/24 MP: 3/3
  2169 | D:2      | Reached skill level 7 in Stealth
  2169 | D:2      | Reached XP level 4. HP: 23/29 MP: 4/4
  2377 | D:3      | Found a blossoming altar of Fedhas.
  2725 | D:3      | Found a bloodstained altar of Trog.
  3007 | D:3      | Identified a scroll of acquirement
  3008 | D:3      | Acquired the ring of Tamnucl Astre {rPois Dex+3}
  3056 | D:4      | Reached XP level 5. HP: 34/34 MP: 5/5
  3181 | D:4      | Noticed a phantom
  3185 | D:4      | Reached skill level 8 in Stealth
  3207 | D:3      | Killed a phantom
  3457 | D:3      | Reached XP level 6. HP: 20/39 MP: 6/6
  3746 | D:4      | Reached skill level 9 in Stealth
  3802 | D:4      | You fall into a shaft and drop 3 floors!
  3875 | D:6      | Noticed a black bear
  3879 | D:6      | Killed a black bear
  3895 | D:6      | Found a staircase to the Ecumenical Temple.
  3910 | Temple   | Entered the Ecumenical Temple
  3954 | Temple   | Became a worshipper of Gozag Ym Sagoz the Greedy
  3993 | D:5      | Entered Level 5 of the Dungeon
  4005 | D:5      | Reached XP level 7. HP: 45/45 MP: 7/7
  4147 | D:5      | Reached skill level 10 in Stealth
  4153 | D:5      | Found Zin's Purification Station.
  4226 | D:5      | Found a glowing silver altar of Zin.
  4266 | D:5      | Reached skill level 5 in Short Blades
  4981 | D:4      | Reached XP level 8. HP: 41/50 MP: 8/8
  6219 | D:6      | Found an iron altar of Okawaru.
  6223 | D:6      | Found a basalt altar of Yredelemnul.
  6223 | D:6      | Found an ornate altar of the Wu Jian Council.
  6223 | D:6      | Found a hazy altar of Hepliaklqana.
  6823 | D:7      | Found Tiby's Weapon Shop.
  7091 | D:7      | Noticed a wyvern
  7098 | D:7      | Slain by a wyvern

Illustrated notes

Levels and vault maps discovered:
D:1:      psy_arrival_wood_between_worlds, layout_loops_ring,
          shapermc_ecumenical_altar_gd
D:2:      minmay_razor_zed, layout_basic, basic_altar
D:3:      layout_basic, fedhas_altar_3, mainiacjoe_overflow_six_doors_small,
          minmay_checkerbox
D:4:      layout_gridville, skrybe_limestone_x, minmay_vboxes
D:5:      kennysheep_six_static_rooms, layout_gridville, zin_purify,
          serial_park_tiny_pond, chequers_garden, kb_lookout_dungeons_type,
          chequers_serial_rivers_small_a, hangedman_decor_diamond_cutter
D:6:      layout_cave_pools, gammafunk_temple_overflow_forgotten,
          grunt_temple_overflow_open, nicolae_ru_awakened_eye,
          minmay_temple_entry_mini_moons
D:7:      layout_basic, serial_shops, nicolae_stop_n_shop_2,
          chequers_serial_rivers_marsh, uniq_menkaure
Temple:   pf_slimified_temple

Skill      XL: |  1  2  3  4  5  6  7  8 |
---------------+-------------------------+-----
Stealth        | 6 7 8 9 10 | 10.0
Short Blades   | 3 4 6 9 |  9.3
Fighting       | |  2.0
Throwing       | |  2.0
Dodging        | |  1.0

Action                   |  1- 3 |  4- 6 |  7- 9 || total
-------------------------+-------+-------+-------++-------
Melee: Dagger            |    76 |    61 |   126 ||   263
       Tentacles         |    10 |    13 |    31 ||    54
       Constrict         |    17 |    15 |    16 ||    48
Throw: Dart              |     9 |     1 |       ||    10
Evoke: Wand              |       |       |     5 ||     5
  Use: Scroll            |       |     5 |       ||     5
       Potion            |       |     1 |       ||     1
 Stab: Sleeping          |    12 |    11 |    21 ||    44
       Distracted        |       |     1 |       ||     1
Armor: Skin              |     7 |     3 |     8 ||    18
Dodge: Dodged            |    18 |    23 |    57 ||    98
